 Dungeon Crawl Stone Soup version 0.32-a0-921-g04a7ad8e02 (webtiles) character file.

Game seed: 1036895421192864603

6017 WhiterunGuard03 the Carver (level 10, -10/65 HPs)
             Began as a Gargoyle Fighter on Apr 12, 2024.
             Was the Champion of Jiyva.
             Mangled by a komodo dragon (19 damage)
             ... on level 10 of the Dungeon.
             The game lasted 00:23:09 (7833 turns).

WhiterunGuard03 the Carver (Gargoyle Fighter)       Turns: 7833, Time: 00:23:10

Health: -10/65     AC: 29    Str: 26    XL:     10   Next: 86%
Magic:  0/10       EV:  7    Int:  6    God:    Jiyva [******]
Gold:   270        SH:  6    Dex: 22    Spells: 9/9 levels left

rFire   . . .        a - +0 flail
rCold   . . .        c - +0 buckler
rNeg    + . .        i - +0 plate armour
rPois   ∞            (no helmet)
rElec   +            (no cloak)
rCorr   +            e - +0 pair of gloves
SInv    .            s - +1 pair of boots {Fly}
Will    .....        p - amulet of guardian spirit Stlth
                     g - +6 ring of dexterity
HPRegen 1.90/turn    v - +4 ring of protection
MPRegen 0.92/turn

%: guardian spirit
@: flying
A: sickness immunity, AC +7, negative energy resistance 1, electricity
resistance, torment resistance 1, petrification resistance, agile 2, shaggy fur
1, strong 1, eyeballs 2, noise suppression
a: Renounce Religion, Oozemancy, Slimify


You were on level 10 of the Dungeon.
You worshipped Jiyva.
Jiyva was exalted by your worship.
You visited 1 branch of the dungeon, and saw 10 of its levels.

You collected 270 gold pieces.

Inventory:

Hand Weapons
 a - a +0 flail (weapon)
 w - a +2 falchion of draining
 H - a +6 falchion
Armour
 c - a +0 buckler (worn)
 e - a +0 pair of gloves (worn)
 i - a +0 plate armour (worn)
 n - a +0 chain mail
 s - a +1 pair of boots of flying (worn)
Jewellery
 g - a +6 ring of dexterity (left hand)
 m - a ring of willpower
 p - an amulet of guardian spirit (around neck)
 t - a ring of positive energy
 v - a +4 ring of protection (right hand)
 B - a ring of wizardry
 I - a ring of resist corrosion
Scrolls
 b - a scroll of immolation {unknown}
 f - 3 scrolls of vulnerability
 j - 4 scrolls of fear
 k - 3 scrolls of butterflies
 o - 2 scrolls of silence {unknown}
 q - a scroll of acquirement {unknown}
 r - 2 scrolls of revelation {unknown}
 x - a scroll of noise {unknown}
 y - a scroll of amnesia {unknown}
 A - a scroll of teleportation {unknown}
 C - a scroll of blinking {unknown}
 E - a scroll of brand weapon {unknown}
 G - a scroll of poison {unknown}
Potions
 d - 2 potions of might
 h - a potion of attraction {unknown}
 l - 7 potions of curing
 u - 2 potions of heal wounds
 z - 2 potions of lignification
 D - 2 potions of magic {unknown}
 F - a potion of enlightenment {unknown}


   Skills:
 * Level 8.8 Fighting
 * Level 9.4 Long Blades
 - Level 4.7 Maces & Flails
 * Level 8.2 Armour
 + Level 2.1 Dodging
 + Level 6.0 Shields


You had 9 spell levels left.
You didn't know any spells.
Your spell library contained the following spells:

 Spells                   Type           Power      Damage    Failure   Level
 Blink                    Tloc           0%         N/A       100%        2
 Lesser Beckoning         Tloc           0%         N/A       100%        2
 Momentum Strike          Conj/Tloc      0%         3d8       100%        2


Dungeon Overview and Level Annotations

Branches:
Dungeon (9/15)             Temple (0/1) D:5             Orc (0/2) D:9
   Lair: D:8-11

Altars:
Cheibriados
Hepliaklqana
Nemelex Xobeh
Ru
Uskayaw
Wu Jian
Xom
Beogh
Jiyva


Innate Abilities, Weirdness & Mutations

You are immune to sickness and miasma.
Your stone body is resilient. (AC +7)
You are immune to poison.
You resist negative energy. (rN+)
You are resistant to electric shocks. (rElec)
You are resistant to unholy torment.
You are immune to petrification.
You are very agile. (Dex +8, Str/Int -2)
You are covered in fur. (AC +1)
Your muscles are strong. (Str +4, Int/Dex -1)
Your body has grown many eyes which may confuse attackers. (Acc +5)
You passively dampen the noise of your surroundings.


Message History

You hit the komodo dragon but do no damage.
The komodo dragon is moderately wounded.
You block the komodo dragon's attack.
You barely miss the komodo dragon.
The komodo dragon is moderately wounded.
The komodo dragon bites you!
You barely miss the komodo dragon.
The komodo dragon is moderately wounded.
The komodo dragon bites you. The komodo dragon bites you!
You sock the komodo dragon!
The komodo dragon is heavily wounded.
The komodo dragon bites you!!
You are too injured to fight recklessly!
You are too injured to fight recklessly!
You are too injured to fight recklessly!
You are too injured to fight recklessly!
You hit the komodo dragon.
The komodo dragon is severely wounded.
The komodo dragon barely misses you.
You sock the komodo dragon!
The komodo dragon is almost dead.
The komodo dragon bites you!
* * * LOW HITPOINT WARNING * * *
You hit the komodo dragon but do no damage.
The komodo dragon is almost dead.
The komodo dragon bites you.
* * * LOW HITPOINT WARNING * * *
You hit the komodo dragon but do no damage.
The komodo dragon is severely wounded.
The komodo dragon bites you but does no damage.
You closely miss the komodo dragon.
The komodo dragon is severely wounded.
The komodo dragon bites you!!
* * * LOW HITPOINT WARNING * * *
You hit the komodo dragon.
The komodo dragon is almost dead.
The komodo dragon bites you but does no damage.
The komodo dragon bites you!!
You die...
Jiyva sends a jelly to digest your equipment.

### ##.###########
##....>.....@.#
##.#.#.#######l..#
#.................#
#####.#.#.#####.........
..†...J...... #......###
#######.####.##.#......
#.# .......#### #.#
##.#.#.# #.#


You could see a komodo dragon.

Vanquished Creatures
  Joseph (D:8)
  A hornet (D:7)
  2 wyverns (D:9)
  9 yaks
  A water moccasin (D:7)
  3 orc warriors
  A black bear (D:5)
  A sky beast (D:6)
  2 ogres
  A phantom (D:6)
  2 centaurs
  A kobold brigand (D:8)
  5 bullfrogs
  2 scorpions (D:5)
  15 wights
  5 killer bees (D:9)
  2 howler monkeys (D:9)
  7 bombardier beetles
  A hound (D:4)
  5 orc priests
  2 sleepcaps
  An iguana (D:4)
  2 scorpion zombies (D:6)
  13 orc wizards
  8 gnolls
  7 adders
  4 howler monkey skeletons (D:6)
  2 shadow imps (D:7)
  6 white imps
  3 ufetubi (D:7)
  2 dart slugs (D:1)
  3 ribbon worms (D:2)
  42 orcs
  4 ball pythons
  3 endoplasms
  A giant cockroach (D:3)
  6 hobgoblins
  5 jackals
  9 kobolds
  7 quokkas
  3 bats
  3 frilled lizards
  8 goblins
  6 rats
217 creatures vanquished.

Vanquished Creatures (collateral kills)
  A steam dragon (D:8)
  An orc (D:8)
2 creatures vanquished.

Vanquished Creatures (others)
  2 wyverns (D:9)
  An ice beast (D:6)
  A centaur (D:6)
  4 wights
  A howler monkey (D:10)
  A bombardier beetle (D:6)
  A quasit (D:7)
  A hound (D:6)
  16 jellies
  2 orc priests
  A gnoll bouda (D:7)
  An orc wizard (D:3)
  2 gnolls (D:7)
  4 shadow imps (D:7)
  2 ufetubi (D:7)
  A dart slug (D:3)
  8 orcs
  3 goblins (D:4)
  2 quokkas (D:4)
  5 ball pythons
59 creatures vanquished.

Grand Total: 278 creatures vanquished

Notes
Turn   | Place    | Note
-------+----------+-------------------------------------------
     0 | D:1      | WhiterunGuard03 the Gargoyle Fighter began the quest for
                  | the Orb.
     0 | D:1      | Reached XP level 1. HP: 14/14 MP: 1/1
   248 | D:1      | Reached XP level 2. HP: 17/19 MP: 2/2
   838 | D:1      | Reached XP level 3. HP: 23/23 MP: 3/3
  1146 | D:2      | Reached XP level 4. HP: 29/29 MP: 4/4
  1768 | D:3      | Found a faded altar of an unknown god.
  1794 | D:3      | Prayed at the altar of an unknown god.
  1794 | D:3      | Became a worshipper of Jiyva Jonung the Shapeless
  1794 | D:3      | Reached * piety under Jiyva
  1891 | D:3      | Reached XP level 5. HP: 33/33 MP: 5/5
  1946 | D:3      | Found a snail-covered altar of Cheibriados.
  2424 | D:3      | Reached XP level 6. HP: 29/38 MP: 4/6
  2589 | D:3      | Reached ** piety under Jiyva
  3141 | D:4      | Found a shimmering altar of Xom.
  3326 | D:4      | Reached *** piety under Jiyva
  3326 | D:4      | Gained mutation: You are covered in slimy tendrils that may
                  | disarm your opponents. [Jiyva's grace]
  3326 | D:4      | Gained mutation: Your muscles are strong. (Str +4, Int/Dex
                  | -1) [Jiyva's grace]
  3326 | D:4      | Gained mutation: Your muscles are very strong. (Str +8,
                  | Int/Dex -2) [Jiyva's grace]
  3326 | D:4      | Gained mutation: You are covered in fur. (AC +1) [Jiyva's
                  | grace]
  3493 | D:5      | Entered Level 5 of the Dungeon
  3507 | D:5      | Reached skill level 1 in Long Blades
  3507 | D:5      | Reached skill level 5 in Armour
  3541 | D:5      | Reached XP level 7. HP: 44/44 MP: 7/7
  3665 | D:5      | Reached skill level 1 in Dodging
  3743 | D:5      | Reached skill level 2 in Long Blades
  3789 | D:5      | Reached skill level 3 in Long Blades
  3865 | D:5      | Found a staircase to the Ecumenical Temple.
  3917 | D:5      | Reached **** piety under Jiyva
  4133 | D:6      | Reached XP level 8. HP: 48/48 MP: 8/8
  4186 | D:6      | Found a hazy altar of Hepliaklqana.
  4197 | D:6      | Reached skill level 4 in Long Blades
  4329 | D:6      | Reached skill level 5 in Fighting
  4662 | D:6      | Reached skill level 5 in Long Blades
  5052 | D:7      | Reached ***** piety under Jiyva
  5347 | D:7      | Noticed a hornet
  5368 | D:7      | Killed a hornet
  5369 | D:7      | Reached skill level 6 in Long Blades
  5369 | D:7      | Reached XP level 9. HP: 55/55 MP: 9/9
  5387 | D:7      | Gained mutation: You have acidic saliva. [Jiyva's grace]
  5387 | D:7      | Gained mutation: You passively dampen the noise of your
                  | surroundings. [Jiyva's grace]
  5387 | D:7      | Gained mutation: Your mind is acute. (Int +4, Str/Dex -1)
                  | [Jiyva's grace]
  5387 | D:7      | Gained mutation: Your mind is very acute. (Int +8, Str/Dex
                  | -2) [Jiyva's grace]
  5577 | D:7      | Noticed a brown ugly thing
  5600 | D:7      | Reached skill level 5 in Shields
  6487 | D:8      | Reached skill level 7 in Long Blades
  6645 | D:8      | Found a sacrificial altar of Ru.
  6654 | D:8      | Found an ornate altar of the Wu Jian Council.
  6708 | D:8      | Found a sparkling altar of Nemelex Xobeh.
  6817 | D:8      | Found a hide-covered altar of Uskayaw.
  6905 | D:8      | Noticed Joseph
  6924 | D:8      | Killed Joseph
  6925 | D:8      | Reached skill level 8 in Long Blades
  6925 | D:8      | Reached XP level 10. HP: 58/61 MP: 10/10
  7299 | D:9      | Reached skill level 9 in Long Blades
  7331 | D:9      | Lost mutation: Your mind is very acute. (Int +8, Str/Dex
                  | -2) [Jiyva's grace]
  7331 | D:9      | Lost mutation: Your mind is acute. (Int +4, Str/Dex -1)
                  | [Jiyva's grace]
  7331 | D:9      | Lost mutation: Your muscles are very strong. (Str +8,
                  | Int/Dex -2) [Jiyva's grace]
  7331 | D:9      | Lost mutation: You have acidic saliva. [Jiyva's grace]
  7331 | D:9      | Lost mutation: You are covered in slimy tendrils that may
                  | disarm your opponents. [Jiyva's grace]
  7331 | D:9      | Gained mutation: You are agile. (Dex +4, Str/Int -1)
                  | [Jiyva's grace]
  7331 | D:9      | Gained mutation: You are very agile. (Dex +8, Str/Int -2)
                  | [Jiyva's grace]
  7331 | D:9      | Gained mutation: Your body has grown eyes which may confuse
                  | attackers. (Acc +3) [Jiyva's grace]
  7331 | D:9      | Gained mutation: Your body has grown many eyes which may
                  | confuse attackers. (Acc +5) [Jiyva's grace]
  7392 | D:9      | Reached ****** piety under Jiyva
  7460 | D:9      | Found a staircase to the Orcish Mines.
  7470 | D:9      | Found a roughly hewn altar of Beogh.
  7689 | D:9      | You are sucked into a shaft and drop 1 floor!
  7689 | D:10     | Entered Level 10 of the Dungeon
  7833 | D:10     | Mangled by a komodo dragon

Illustrated notes

Levels and vault maps discovered:
D:1:      giann_wishing_wells, layout_basic
D:2:      layout_loops_ring, minmay_puff
D:3:      minmay_octagon_keep, layout_basic, chei_slow_surprise,
          basic_ecumenical_altar, grunt_ministairs_4
D:4:      layout_loops_corners, mainiacjoe_overflow_surrounded_room,
          minmay_circle_x
D:5:      layout_cave_pools, minmay_temple_entry_fiery
D:6:      layout_loops_ring, mainiacjoe_overflow_paths,
          mainiacjoe_ossuary_entry_find_the_door, kennysheep_small_spiral
D:7:      layout_layer_cave, serial_demonic, serial_demonic_e, serial_demonic_e,
          serial_demonic_c, serial_demonic_d, serial_demonic_a,
          serial_demonic_f, serial_demonic_a, lightli_corner_chamber
D:8:      layout_rooms, mainiacjoe_overflow_alcove_1,
          nicolae_uskayaw_murder_on_the_dancefloor,
          mainiacjoe_overflow_big_doors, uniq_joseph
D:9:      layout_rooms, minmay_orc_entry_temple_small, uniq_maurice
D:10:     layout_loops_ring, fiery_altar_vehumet,
          nicolae_dithmenos_shadow_blocks, uniq_harold

Skill      XL: |  1  2  3  4  5  6  7  8  9 10 |
---------------+-------------------------------+-----
Maces & Flails | 3 4 |  4.7
Armour         | 4 5 6 7 8 |  8.2
Fighting       | 4 5 6 8 |  8.8
Long Blades    | 1 3 6 8 9 |  9.4
Dodging        | 1 2 |  2.1
Shields        | 4 5 6 |  6.0

Action                     |  1- 3 |  4- 6 |  7- 9 | 10-12 || total
---------------------------+-------+-------+-------+-------++-------
  Melee: Flail             |    88 |   128 |       |   152 ||   368
         Falchion          |       |    55 |   508 |   124 ||   687
         Bite              |       |       |    31 |    20 ||    51
    Use: Scroll            |       |       |       |     6 ||     6
   Stab: Confused          |       |       |       |     4 ||     4
 Armour: Scale mail        |    82 |       |       |       ||    82
         Chain mail        |       |   163 |   444 |   114 ||   721
         Plate armour      |       |       |       |   138 ||   138
  Dodge: Dodged            |    57 |    71 |   236 |   108 ||   472
  Block: Buckler           |    25 |    50 |   144 |    77 ||   296

Table legend: (Time is in decaauts)
 A = Elapsed time spent in this place.
 B = Non-inter-level travel time spent in this place.
 C = Inter-level travel time spent in this place.
 D = Time resting spent in this place.
 E = Time spent auto-exploring this place.
 F = Levels seen in this place.
 G = Mean time per level.
                   A        B        C        D        E       F      G
               +--------+--------+--------+--------+--------+-----+--------+
         Total |   7954 |   7640 |    314 |    163 |   5026 |  10 |  795.4 |
       Dungeon |   7954 |   7640 |    314 |    163 |   5026 |  10 |  795.4 |
               +--------+--------+--------+--------+--------+-----+--------+

Top non-repeatable levels by time:
     D:7: 1312 daAuts
     D:6: 1053 daAuts
     D:3: 996 daAuts
     D:2: 912 daAuts
     D:1: 846 daAuts
     D:4: 810 daAuts
     D:9: 645 daAuts
     D:5: 640 daAuts
     D:8: 582 daAuts
    D:10: 155 daAuts
